 Dungeon Crawl Stone Soup version 0.27.1-35-g4d5d836560 (webtiles) character file.

Game seed: 14766297588985740561

6 cbfl8 the Slasher (level 1, -2/20 HPs)
             Began as a Minotaur Monk on Apr 21, 2022.
             Slain by a jackal (3 damage)
             ... on level 1 of the Dungeon.
             The game lasted 00:00:33 (44 turns).

cbfl8 the Slasher (Minotaur Monk)                     Turns: 44, Time: 00:00:33

Health: -2/20      AC:  2    Str: 15    XL:     1   Next: 75%
Magic:  0/0        EV: 13    Int:  7    God:
Gold:   0          SH:  0    Dex: 12    Spells: 0/0 levels left

rFire    . . .     SeeInvis .   a - +0 falchion
rCold    . . .     Faith    .   (no shield)
rNeg     . . .     Spirit   .   b - +0 robe
rPois    .         Reflect  .   (helmet restricted)
rElec    .         Harm     .   (no cloak)
rCorr    .         Rampage  .   (no gloves)
Will     .....                  (no boots)
Stlth    ++........             (no amulet)
HPRegen  0.06/turn              (no ring)
MPRegen  0.07/turn              (no ring)

@: no status effects
A: horns 2, retaliatory headbutt
a: no special abilities


You were on level 1 of the Dungeon.
You visited 1 branch of the dungeon, and saw 1 of its levels.

Inventory:

Hand Weapons
 a - a +0 falchion (weapon)
Armour
 b - a +0 robe (worn)


   Skills:
 + Level 3.7 Fighting
 + Level 3.7 Long Blades
 + Level 3.6 Dodging
 + Level 1.5 Stealth


You couldn't memorise any spells.
You didn't know any spells.
Your spell library contained the following spells:

 Spells                   Type           Power      Damage    Failure   Level
 Beastly Appendage        Tmut           0%         N/A       43%         1
 Wereblood                Tmut           0%         N/A       56%         2
 Spider Form              Tmut/Pois      0%         N/A       80%         3


Dungeon Overview and Level Annotations

Branches:
Dungeon (1/15)

Altars:


Innate Abilities, Weirdness & Mutations

You have a pair of horns on your head.
You reflexively headbutt those who attack you in melee.


Message History

You hit the jackal.
You kill the jackal!
A jackal comes into view.
The goblin hits you with a +0 club. The quokka barely misses you.
You aren't carrying any potions.
A quokka comes into view.
The goblin hits you with a +0 club. The rat bites you.
* * * LOW HITPOINT WARNING * * *
The goblin completely misses you.
A rat comes into view.
The quokka closely misses you. The rat bites you.
* * * LOW HITPOINT WARNING * * *
The quokka barely misses you. The rat barely misses you.
You riposte.
You hit the rat.
You kill the rat!
Found a book of Changes.
The quokka completely misses you.
A rat comes into view.
Found 14 gold pieces.
Found a stone staircase leading down.
Found a glowing whip.
The jackal barely misses you.
Found a dagger.
A kobold comes into view. It is wielding a +0 dagger.
The kobold shouts!
The jackal bites you.
* * * LOW HITPOINT WARNING * * *
The jackal barely misses you.
You riposte.
You hit the jackal but do no damage. The jackal bites you.
* * * LOW HITPOINT WARNING * * *
The jackal closely misses you. The quokka barely misses you.
You see here a book of Changes.
You pick up a book of Changes and begin reading...
You add the spells Beastly Appendage, Wereblood and Spider Form to your library.
The jackal barely misses you. x2; You riposte.
You closely miss the jackal. The quokka barely misses you.
The kobold hits you but does no damage. The jackal closely misses you.
Drop what? 2/52 slots (_ for help) (? for menu, Esc to quit)
Okay, then.
The jackal bites you.
You die...

....###'###....#..#
#...#.....##...#..###
#.. #.....##.........
.. #..<..##r....####
#.....##..#...##
#.....##gg.....##
###+####.r.......
......rrh.......
.......@h.......
....###K......#. ###
#.......>. #......##.
......)# ##......#
#......# ########


You could see 2 quokkas, 2 jackals, 2 goblins, a kobold and 2 rats.

Vanquished Creatures
  An endoplasm (D:1)
  A jackal (D:1)
  A quokka (D:1)
  A kobold (D:1)
  2 rats (D:1)
6 creatures vanquished.

Notes
Turn   | Place    | Note
-------+----------+-------------------------------------------
     0 | D:1      | cbfl8 the Minotaur Monk began the quest for the Orb.
     0 | D:1      | Reached XP level 1. HP: 19/19 MP: 0/0
    42 | D:1      | HP: 1/20 [jackal (3)]
    44 | D:1      | Slain by a jackal

Illustrated notes

Levels and vault maps discovered:
D:1:      minmay_arrival_checkered_box, layout_rooms, serial_shops, shop,
          hellmonk_ecumenical_altar_watching_god, minmay_tetromino_l4

Action                   || total
-------------------------++-------
Melee: Falchion          ||    10
       Headbutt          ||     3
Armor: Robe              ||     2
Dodge: Dodged            ||    27
       Rpst.: Falchion   ||     8
